 Dungeon Crawl Stone Soup version 0.31-a0-675-g238779eb0a (webtiles) character file.

Game seed: 3402828721827588259

65 Strat the Poker (level 4, -5/36 HPs)
             Began as a Barachi Monk on Sept 5, 2023.
             Slain by a sleepcap (15 damage)
             ... on level 3 of the Dungeon.
             The game lasted 00:02:58 (2352 turns).

Strat the Poker (Barachi Monk)                      Turns: 2352, Time: 00:02:59

Health: -5/36      AC:  2    Str: 14    XL:     4   Next: 13%
Magic:  4/4        EV:  2    Int: 15    God:
Gold:   94         SH:  0    Dex: 14    Spells: 3/3 levels left

rFire   + . .        a - +0 spear
rCold   . . .        d - orb {light}
rNeg    . . .        b - +0 robe
rPois   +            (no helmet)
rElec   .            (no cloak)
rCorr   .            (no gloves)
SInv    +            (no boots)
Will    +....        (no amulet)
Stlth   +            j - ring of protection from fire
HPRegen 0.26/turn    m - ring of Relativism {rPois Will+ Int+4 SInv}
MPRegen 0.09/turn

%: no passive effects
@: sleeping, glowing, slow
A: amphibious, slowness 1, strong legs 1, +LOS
a: Hop


You were on level 3 of the Dungeon.
You visited 1 branch of the dungeon, and saw 3 of its levels.

You collected 94 gold pieces.

Inventory:

Hand Weapons
 a - a +0 spear (weapon)
Armour
 b - a +0 robe (worn)
 d - an orb of light (worn)
Jewellery
 j - a ring of protection from fire (left hand)
 m - the ring of Relativism (right hand) {rPois Will+ Int+4 SInv}
   (You found it on level 2 of the Dungeon)

   [ring of willpower]

   Int+4:     It affects your intelligence (+4).
   rPois:     It protects you from poison Will+: It increases your willpower.
   SInv:      It lets you see invisible.
 p - an amulet of regeneration
Wands
 k - a wand of charming (3)
Scrolls
 c - a scroll of revelation {unknown}
 g - 2 scrolls of teleportation {unknown}
 h - 2 scrolls of identify {unknown}
 i - a scroll of enchant armour {unknown}
 l - a scroll of fear {unknown}
 n - a scroll of brand weapon {unknown}
 o - a scroll of amnesia {unknown}
Potions
 e - 2 potions of brilliance {unknown}
 f - a potion of heal wounds {unknown}


   Skills:
 - Level 3.6 Fighting
 * Level 4.9 Polearms
 - Level 3.2 Dodging


You had 3 spell levels left.
You didn't know any spells.
Your spell library contained the following spells:

 Spells                   Type           Power      Damage    Failure   Level
 Apportation              Tloc           0%         N/A       26%         1
 Alistair's Intoxication  Tmut/Pois      0%         N/A       100%        5


Dungeon Overview and Level Annotations

Branches:
Dungeon (3/15)

Altars:
Ashenzari

Annotations:
D:3 2 transporters, Newt's ghost, amateur GrFi


Innate Abilities, Weirdness & Mutations

You are amphibious.
You cover ground slowly.
You can hop short distances.
You have an extended range of vision and can be seen from far away.


Message History

The quokka barely misses you.
You hit the quokka.
You kill the quokka!
No target in view!
A sleepcap comes into view.
You hit the sleepcap.
The sleepcap is lightly damaged.
The sleepcap misses you.
You hit the sleepcap but do no damage.
The sleepcap is lightly damaged.
The sleepcap releases spores at you!
You are engulfed in a cloud of soporific spores!
You fall asleep.
The sleepcap releases spores at you!
You wake up.
* * * LOW HITPOINT WARNING * * *
You are engulfed in a cloud of soporific spores!
You are unaffected.
You are too injured to fight recklessly!
You are too injured to fight recklessly!
You hit the sleepcap.
The sleepcap is moderately damaged.
The sleepcap completely misses you.
You hit the sleepcap but do no damage.
The sleepcap is moderately damaged.
The sleepcap releases spores at you!
* * * LOW HITPOINT WARNING * * *
You hit the sleepcap.
The sleepcap is moderately damaged.
The sleepcap closely misses you.
You hit the sleepcap but do no damage.
The sleepcap is moderately damaged.
Okay, then.
You hit the sleepcap.
The sleepcap is moderately damaged.
The sleepcap releases spores at you.
* * * LOW HITPOINT WARNING * * *
You are engulfed in a cloud of soporific spores!
You fall asleep.
The sleepcap releases spores at you!
You die...

. #.. ####....#...#...ZZ..... ..
#..# ####.##..#....$$[... ...
#... ###...#...###########
...#... ##.....##........©....
.....###......##.............
#.f..##..###.#......###...##
#....#...###.##.######.....#
####....#...##..#..# ##.......
..............f@.#..####........
##################...).'........
#.##.#...####........ #.##.#..##
##....... #......## ##.....#
####.### ##...## #.# ##'### #.#
#>... #.# #..##


You could see a sleepcap.

Vanquished Creatures
  An adder (D:3)
  A worm (D:2)
  6 orcs
  A ball python (D:2)
  7 bats
  4 endoplasms
  2 giant cockroaches
  3 goblins
  2 hobgoblins
  5 kobolds
  2 quokkas
  3 frilled lizards
  6 rats
43 creatures vanquished.

Notes
Turn   | Place    | Note
-------+----------+-------------------------------------------
     0 | D:1      | Strat the Barachi Monk began the quest for the Orb.
     0 | D:1      | Reached XP level 1. HP: 18/18 MP: 1/1
   188 | D:1      | Reached XP level 2. HP: 22/24 MP: 2/2
   952 | D:2      | Reached skill level 4 in Polearms
  1012 | D:2      | Reached XP level 3. HP: 25/29 MP: 3/3
  1437 | D:2      | Identified the ring of Relativism {rPois Will+ Int+4 SInv}
  1837 | D:3      | Found a broken altar of Ashenzari.
  1919 | D:3      | Found a transporter.
  1919 | D:3      | Noticed Newt's ghost (amateur GrFi)
  1993 | D:3      | Found a transporter.
  2163 | D:3      | Reached XP level 4. HP: 36/36 MP: 4/4
  2352 | D:3      | Slain by a sleepcap

Illustrated notes

Levels and vault maps discovered:
D:1:      saegor_arrival_simple_c, layout_basic
D:2:      layout_loops_ring, serial_glass, glass_columns_a, glass_columns_c,
          minivault_5, minmay_misc_feat_iff
D:3:      minmay_recursive_quarters, layout_loops_corners, zin_purify,
          mainiacjoe_overflow_alcove_4, gammafunk_ghost_mausoleum,
          minmay_fractal_squares_diagonal_5

Skill      XL: |  1  2 |
---------------+-------+-----
Polearms       | 4 |  4.9
Fighting       | |  3.6
Dodging        | |  3.2

Action                     |  1- 3 |  4- 6 || total
---------------------------+-------+-------++-------
  Melee: Spear             |   122 |    38 ||   160
Ability: Hop               |     1 |       ||     1
    Use: Potion            |     1 |       ||     1
 Armour: Robe              |    30 |    16 ||    46
  Dodge: Dodged            |    59 |    15 ||    74

Table legend: (Time is in decaauts)
 A = Elapsed time spent in this place.
 B = Non-inter-level travel time spent in this place.
 C = Inter-level travel time spent in this place.
 D = Time resting spent in this place.
 E = Time spent auto-exploring this place.
 F = Levels seen in this place.
 G = Mean time per level.
                   A        B        C        D        E       F      G
               +--------+--------+--------+--------+--------+-----+--------+
         Total |   2709 |   2627 |     82 |     91 |   2142 |   3 |  903.0 |
       Dungeon |   2709 |   2627 |     82 |     91 |   2142 |   3 |  903.0 |
               +--------+--------+--------+--------+--------+-----+--------+

Top non-repeatable levels by time:
     D:2: 1053 daAuts
     D:1: 1045 daAuts
     D:3: 609 daAuts
